 Dungeon Crawl Stone Soup version 0.27-a0-1200-g94dc6ad4cf (webtiles) character file.

Game seed: 4735233889967766212

1427 bilbop the Sneak (level 9, -4/63 HPs)
             Began as a Djinni Venom Mage on May 30, 2021.
             Shot with an arrow by a centaur (12 damage)
             ... on level 6 of the Dungeon.
             The game lasted 00:33:22 (6933 turns).

bilbop the Sneak (Djinni Venom Mage)                Turns: 6933, Time: 00:33:23

Health: -4/63      AC:  5    Str:  9    XL:     9   Next: 3%
Gold:   128        EV: 15    Int: 18    God:
                   SH:  0    Dex: 14

rFire    + + +     SeeInvis .   b - +2 short sword (protect)
rCold    . . .     Faith    .   (no shield)
rNeg     . . .     Spirit   .   A - +1 leather armour {Will+}
rPois    ∞         Reflect  .   (no helmet)
rElec    .         Harm     .   B - scarf {rC+ rF+}
rCorr    .         Rampage  .   s - +0 pair of gloves
Will     +....                  (boots unavailable)
Stlth    +++.......             (no amulet)
HPRegen  0.20/turn              j - +4 ring of evasion
MPRegen  0.00/turn              (no ring)

@: flying
A: sickness immunity, fire resistance 2, cold vulnerability 1, float, innate
caster, hp casting, extra vitality 1
a: no special abilities


You were on level 6 of the Dungeon.
You visited 1 branch of the dungeon, and saw 6 of its levels.

You collected 238 gold pieces.
You spent 110 gold pieces at shops.

Inventory:

Hand Weapons
 a - a +0 dagger
 b - a +2 short sword of protection (weapon)
 e - a +0 club
 w - a +0 short sword
Missiles
 c - 8 boomerangs of dispersal
Armour
 m - a +0 robe
 s - a +0 pair of gloves (worn)
 A - a +1 leather armour of willpower (worn)
 B - a scarf of resistance (worn)
Jewellery
 j - a +4 ring of evasion (left hand)
 k - an amulet of faith
 z - a ring of protection from fire
Wands
 p - a wand of paralysis (9)
 t - a wand of flame (10)
Scrolls
 d - 2 scrolls of teleportation {unknown}
 f - 5 scrolls of identify {unknown}
 h - 3 scrolls of blinking {unknown}
 n - 2 scrolls of fear {unknown}
 o - 3 scrolls of vulnerability {unknown}
 q - 2 scrolls of noise {unknown}
 y - 3 scrolls of enchant weapon {unknown}
Potions
 g - a potion of heal wounds {unknown}
 i - 2 potions of curing {unknown}
 l - a potion of magic {unknown}
 r - a potion of resistance {unknown}
 u - a potion of flight {unknown}
 v - 2 potions of brilliance {unknown}
 x - a potion of attraction {unknown}


   Skills:
 + Level 4.4 Fighting
 + Level 4.0 Short Blades
 - Level 2.1 Dodging
 * Level 6.2 Stealth
 + Level 4.3 Spellcasting


You couldn't memorise any spells.
You knew the following spells:

 Your Spells              Type           Power      Damage    Failure   Level
a - Sting                 Tmut/Pois      76%        1d6       3%          1
b - Poisonous Vapours     Pois/Air       38%        N/A       4%          2
c - Mephitic Cloud        Conj/Pois/Air  19%        N/A       10%         3
d - Ignite Poison         Fire/Tmut/Pois 19%        N/A       10%         3
e - Olgreb's Toxic Radia  Pois           19%        N/A       32%         4
f - Pain                  Necr           76%        1d7       3%          1
g - Ensorcelled Hibernat  Hex/Ice        38%        N/A       4%          2
h - Stone Arrow           Conj/Erth      38%        3d9       10%         3
i - Ice Form              Ice/Tmut       19%        N/A       32%         4
Your spell library was empty.

Dungeon Overview and Level Annotations

Branches:
Dungeon (6/15)
 Temple: D:4-7

Altars:
Ru
Sif Muna

Shops:
D:1 *=   D:5 [


Innate Abilities, Weirdness & Mutations

You are immune to sickness and miasma.
You are immune to poison.
Your flesh is very heat resistant. (rF++)
You are vulnerable to cold. (rC-)
You float through the air rather than walking.
You learn spells naturally, not from books.
Your magical power is your life essence.
You have superior vitality. (+4 HP)


Message History

Aiming: Stone Arrow (dangerous; 11% risk of failure)
Press: ? - help, Shift-Dir - straight line, f/p - Grinder
Aim: Grinder (flame, heavily wounded, 64% to hit)
The stone arrow misses Grinder.
Grinder is engulfed in blazing flames.
Grinder says, "DUCK!"
The centaur wields a +0 shortbow.
The centaur shoots an arrow.
The arrow hits you.
Casting: Stone Arrow (dangerous; 11% risk of failure)
Confirm with . or Enter, or press ? or * to list all spells.
Aiming: Stone Arrow (dangerous; 11% risk of failure)
Press: ? - help, Shift-Dir - straight line, f/p - Grinder
Aim: Grinder (almost dead, 64% to hit)
The stone arrow hits Grinder!
You kill Grinder!
* * * LOW HITPOINT WARNING * * *
The centaur shoots an arrow.
The arrow completely misses you.
Your Short Blades skill increases to level 4!
Your Stealth skill increases to level 6!
You have reached level 9!
Your experience leads to an increase in your attributes!
Increase (S)trength, (I)ntelligence, or (D)exterity?
You feel agile.
The power to cast Ice Form wells up from within.
Spell assigned to 'i'.
You reach down and close the door.
Your magical contamination has completely faded away.
Your +2 short sword of protection hums with potential!
b - a +2 short sword of protection (weapon)
You are too injured to fight recklessly!
The centaur shoots an arrow.
The arrow hits you!
* * * LOW HITPOINT WARNING * * *
Casting: Stone Arrow (dangerous; 10% risk of failure)
Confirm with . or Enter, or press ? or * to list all spells.
Aiming: Ensorcelled Hibernation (safe; 4% risk of failure)
Press: ? - help, Shift-Dir - straight line, f - centaur
Aim: a centaur, wielding a +0 shortbow and quivering arrows (chance to affect: 50%)
The centaur resists with some effort.
* * * LOW HITPOINT WARNING * * *
The centaur shoots an arrow.
The arrow hits you!
You die...

#.# ##.......# ######.#
#<.......#
.....#.#######........#
......>...)............
....)#########.########
.........##.##.# #####
.........##....####......
.........##.####..+.)....
.........##.# #@##.c....
.........##.####.# .....
.........##....#c###.#'##
.........'...#+#.........
.........#........######.
.........#.......##
.........#.......#
#####....#.......#
######.......#


You could see a centaur.

Vanquished Creatures
  Grinder (D:6)
  A black bear (D:4)
  A necrophage (D:4)
  2 ogres
  A phantom (D:6)
  3 scorpions
  2 water moccasin zombies
  A water moccasin skeleton (D:4)
  2 bullfrog zombies
  A centaur zombie (D:5)
  3 hounds
  A bullfrog skeleton (D:4)
  Jessica (D:2)
  An orc wizard (D:5)
  A scorpion zombie (D:4)
  3 hound zombies (D:4)
  3 hound skeletons
  2 adders (D:5)
  An ufetubus (D:4)
  3 adder zombies (D:4)
  A worm (D:2)
  A dart slug (D:1)
  6 orcs
  4 ball pythons
  6 endoplasms
  2 giant cockroaches (D:1)
  8 goblins
  7 hobgoblins
  6 jackals
  4 quokkas
  4 bats
  A frilled lizard (D:2)
  5 kobolds
  3 rats
92 creatures vanquished.

Notes
Turn   | Place    | Note
-------+----------+-------------------------------------------
     0 | D:1      | bilbop the Djinni Venom Mage began the quest for the Orb.
     0 | D:1      | Reached XP level 1. HP: 15/15 MP: 0/0
   472 | D:1      | Reached XP level 2. HP: 12/22 MP: 0/0
   617 | D:1      | Found Ixzuoroech's Jewellery Boutique.
   668 | D:1      | Found Gaed Disk's General Store.
   961 | D:1      | Reached skill level 2 in Stealth
  1178 | D:1      | Reached XP level 3. HP: 20/26 MP: 0/0
  1178 | D:1      | Learned a level 1 spell: Pain
  1512 | D:2      | Noticed Jessica
  1517 | D:2      | Killed Jessica
  1518 | D:2      | Reached skill level 1 in Fighting
  1518 | D:2      | Reached skill level 1 in Short Blades
  1518 | D:2      | Reached XP level 4. HP: 24/32 MP: 0/0
  3761 | D:4      | Noticed a necrophage
  3789 | D:4      | Noticed an ogre
  3977 | D:4      | Reached XP level 5. HP: 33/37 MP: 0/0
  3977 | D:4      | Learned a level 2 spell: Ensorcelled Hibernation
  4026 | D:4      | Reached skill level 3 in Stealth
  4114 | D:4      | Killed an ogre
  4115 | D:4      | Reached XP level 6. HP: 10/43 MP: 0/0
  5015 | D:4      | Reached skill level 4 in Stealth
  5015 | D:4      | Reached XP level 7. HP: 47/49 MP: 0/0
  5015 | D:4      | Learned a level 3 spell: Stone Arrow
  5270 | D:4      | Found a sacrificial altar of Ru.
  5538 | D:4      | Reached XP level 8. HP: 43/56 MP: 0/0
  5541 | D:4      | Reached skill level 5 in Stealth
  5863 | D:5      | Entered Level 5 of the Dungeon
  6183 | D:5      | Found Zauzy's Antique Armour Shoppe.
  6189 | D:5      | Bought a glowing leather armour for 110 gold pieces
  6913 | D:6      | Noticed Grinder
  6927 | D:6      | Killed Grinder
  6928 | D:6      | Reached skill level 6 in Stealth
  6928 | D:6      | Reached XP level 9. HP: 16/63 MP: 0/0
  6928 | D:6      | Learned a level 4 spell: Ice Form
  6933 | D:6      | Shot with an arrow by a centaur

Illustrated notes

Levels and vault maps discovered:
D:1:      minmay_arrival_jagged, layout_basic, serial_shops, shop_statue, shop
D:2:      layout_loops_corners, uniq_jessica
D:3:      layout_loops_ring, nrook_uturn
D:4:      layout_basic, lemuel_doored_altar, serial_undead, serial_undead_d,
          serial_undead_d, serial_undead_c, serial_undead_a, serial_undead_d,
          serial_undead_e, serial_undead_b, enter_ossuary_3
D:5:      layout_cave_pools, kennysheep_orc_sif_temple, serial_shops,
          nicolae_shop_stone
D:6:      layout_basic, jmf_multi_god_temple2, portal_sewer_entry_d,
          uniq_grinder

Skill      XL: |  1  2  3  4  5  6  7  8 |
---------------+-------------------------+-----
Stealth        | 2 3 4 6 |  6.2
Fighting       | 1 2 3 4 |  4.4
Short Blades   | 1 2 3 4 |  4.0
Spellcasting   | 3 4 |  4.3
Dodging        | |  2.1

Action                   |  1- 3 |  4- 6 |  7- 9 || total
-------------------------+-------+-------+-------++-------
Melee: Short sword       |    22 |   147 |    24 ||   193
       Club              |     1 |       |       ||     1
       Dagger            |       |    15 |    17 ||    32
 Cast: Sting             |    20 |    33 |     9 ||    62
       Poisonous Vapours |     3 |     6 |    11 ||    20
       Pain              |       |     2 |       ||     2
       Ensorcelled Hiber |       |     3 |     1 ||     4
       Ignite Poison     |       |     1 |     7 ||     8
       Stone Arrow       |       |       |    18 ||    18
       Mephitic Cloud    |       |       |     5 ||     5
 Stab: Sleeping          |     1 |    10 |     4 ||    15
Armor: Robe              |     5 |    24 |     8 ||    37
       Leather armour    |       |       |     3 ||     3
Dodge: Dodged            |    22 |   137 |    48 ||   207

Table legend: (Time is in decaauts)
 A = Elapsed time spent in this place.
 B = Non-inter-level travel time spent in this place.
 C = Inter-level travel time spent in this place.
 D = Time resting spent in this place.
 E = Time spent auto-exploring this place.
 F = Levels seen in this place.
 G = Mean time per level.
                   A        B        C        D        E       F      G
               +--------+--------+--------+--------+--------+-----+--------+
         Total |   6903 |   6643 |    260 |   1636 |   4137 |   6 | 1150.5 |
       Dungeon |   6903 |   6643 |    260 |   1636 |   4137 |   6 | 1150.5 |
               +--------+--------+--------+--------+--------+-----+--------+

Top non-repeatable levels by time:
     D:4: 2099 daAuts
     D:1: 1403 daAuts
     D:2: 1353 daAuts
     D:3: 985 daAuts
     D:5: 880 daAuts
     D:6: 180 daAuts
